 Dungeon Crawl Stone Soup version 0.28-a0-863-g8cecda6153 (webtiles) character file.

Game seed: 5426335896381210259

140 gigimoi the Skirmisher (level 5, 0/45 HPs)
             Began as a Draconian Wanderer on Nov 17, 2021.
             Killed by divine providence
             ... invoked by an orc priest
              (8 damage)
             ... on level 4 of the Dungeon.
             The game lasted 00:11:50 (4170 turns).

gigimoi the Skirmisher (Draconian Wanderer)         Turns: 4170, Time: 00:11:51

Health: 0/45       AC:  5    Str: 16    XL:     5   Next: 2%
Magic:  8/8        EV: 11    Int: 13    God:
Gold:   168        SH:  0    Dex:  9    Spells: 4/8 levels left

rFire   . . .      SeeInvis .   a - +2 dagger
rCold   . . .      Faith    .   (no shield)
rNeg    . . .      Spirit   .   (armour unavailable)
rPois   .          Reflect  .   (helmet restricted)
rElec   .          Harm     .   (no cloak)
rCorr   .          Rampage  .   (no gloves)
Will    .....                   (no boots)
Stlth   ++........              (no amulet)
HPRegen 0.15/turn               (no ring)
MPRegen 0.11/turn               (no ring)

@: no status effects
A: AC +5, unfitting armour, cold-blooded
a: no special abilities


You were on level 4 of the Dungeon.
You visited 1 branch of the dungeon, and saw 4 of its levels.

You collected 168 gold pieces.

Inventory:

Hand Weapons
 a - a +2 dagger (weapon)
 c - a +0 hand crossbow
Missiles
 d - 30 bolts
Jewellery
 h - an amulet of guardian spirit
Scrolls
 b - 2 scrolls of blinking
 f - a scroll of immolation {unknown}
 g - a scroll of summoning {unknown}
 j - a scroll of brand weapon {unknown}
 k - a scroll of teleportation {unknown}
 l - a scroll of noise {unknown}
 m - a scroll of fog {unknown}
Potions
 e - a potion of heal wounds {unknown}
 i - a potion of lignification {unknown}


   Skills:
 + Level 3.4 Fighting
 - Level 1.7 Crossbows
 - Level 1.7 Stealth
 + Level 2.1 Spellcasting
 + Level 3.1 Conjurations
 * Level 3.1 Fire Magic


You had 4 spell levels left.
You knew the following spells:

 Your Spells              Type           Power      Damage    Failure   Level
a - Foxfire               Conj/Fire      36%        2x1d5     7%          1
b - Conjure Flame         Conj/Fire      9%         6-21      21%         3

Your spell library contained the following spells:

 Spells                   Type           Power      Damage    Failure   Level


Dungeon Overview and Level Annotations

Branches:
Dungeon (4/15)
 Temple: D:4-7

Altars:

Shops:
D:1 :

Annotations:
D:4 Terence


Innate Abilities, Weirdness & Mutations

Your plain brown scales are hard. (AC +5)
You cannot fit into any form of body armour.
You are cold-blooded and may be slowed by cold attacks.


Message History

Terence is heavily wounded.
Terence closely misses you.
Terence bares his teeth.
Terence says, "Rest in peace."
There is an open door here.
Terence looks scornfully at you.
You see here a +0 club.
Things that are here:
a +0 club; a +0 leather armour An endoplasm comes into view.
An orc comes into view. It is wielding a +0 mace.
There is a stone staircase leading down here.
You can't go up here!
Terence hits you but does no damage.
You climb downwards.
Found an emerald potion and 11 gold pieces.
There is a stone staircase leading up here.
Terence hits you with a +0 hand axe!
* * * LOW HITPOINT WARNING * * *
You see here 11 gold pieces.
Really walk into that dispersal trap?
You enter a dispersal trap!
Terence blinks! x3; You blink.
Found 28 sling bullets.
Found 17 gold pieces.
Found 12 gold pieces.
You now have 168 gold pieces (gained 17).
You start resting.
Terence is nearby!
A hobgoblin and an orc priest come into view.
Found a war axe and 17 sling bullets.
The orc priest shouts!
You hear a shout! x2
The orc priest moves out of view.
The hobgoblin shouts!
An orc comes into view. It is wielding a +0 hand axe.
An orc comes into view. It is wielding a +0 trident.
An orc comes into view. It is wielding a +0 whip.
The orc priest looks satisfied for a moment.
The orc priest mumbles some strange prayers to Beogh against you.
Beogh smites you!
You die...

#. +......
#......#.# #.....
#...............#
####......#.#.#....#
...+ .....+........
#### ....#.#.#.$..
###+#...(......#
###.............@#
..@.........@....#
......#.#........#
####..#.#........# #
##.###........# #
### #.......o#####
#......go....).
#######......(.
#oo......


You could see Terence, an orc priest, an orc and a hobgoblin.

Vanquished Creatures
  A gnoll (D:1)
  3 adders
  2 worms
  4 dart slugs
  5 orcs (D:3)
  7 bats
  6 endoplasms
  4 giant cockroaches
  3 goblins (D:2)
  5 hobgoblins
  11 jackals
  5 quokkas
  5 ball pythons
  2 frilled lizards (D:2)
  9 kobolds
  6 rats
78 creatures vanquished.

Vanquished Creatures (others)
  193 foxfires
193 creatures vanquished.

Grand Total: 271 creatures vanquished

Notes
Turn   | Place    | Note
-------+----------+-------------------------------------------
     0 | D:1      | gigimoi the Draconian Wanderer began the quest for the Orb.
     0 | D:1      | gigimoi set off with the following items: a +2 dagger, a
                  | scroll of blinking, a +0 hand crossbow, 20 bolts; and the
                  | following spell memorised: Foxfire; and the following
                  | spells available to memorise: Conjure Flame
     0 | D:1      | Reached XP level 1. HP: 19/19 MP: 2/2
    54 | D:1      | Reached skill level 1 in Fire Magic
    76 | D:1      | Reached XP level 2. HP: 26/26 MP: 3/3
   688 | D:1      | Reached XP level 3. HP: 31/31 MP: 1/5
   998 | D:1      | Found Vireask's Book Shoppe.
  1342 | D:1      | Found a faded altar of an unknown god.
  1715 | D:2      | Reached XP level 4. HP: 38/38 MP: 3/6
  1850 | D:2      | Learned a level 3 spell: Conjure Flame
  2555 | D:2      | Noticed Terence
  3856 | D:3      | Reached XP level 5. HP: 45/45 MP: 1/8
  4170 | D:4      | Killed from afar by an orc priest

Illustrated notes

Levels and vault maps discovered:
D:1:      amcnicky_arrival_double_pillar, layout_loops_corners,
          hellmonk_ecumenical_altar_inner_sanctum, serial_shops,
          nicolae_shop_advertising_works [nicolae_subvault_shop_adworks],
          minmay_cut_off
D:2:      layout_basic, hangedman_decor_clover_reticule, uniq_terence
D:3:      layout_basic
D:4:      layout_basic

Skill      XL: |  1  2  3  4 |
---------------+-------------+-----
Fire Magic     | 1 2 3 |  3.1
Spellcasting   | 2 |  2.1
Conjurations   | 3 |  3.1
Fighting       | |  3.4
Crossbows      | |  1.7
Stealth        | |  1.7

Action                   |  1- 3 |  4- 6 || total
-------------------------+-------+-------++-------
Melee: Dagger            |     6 |    63 ||    69
       Tailslap          |       |    13 ||    13
 Fire: Hand crossbow     |    73 |       ||    73
 Cast: Foxfire           |    24 |    95 ||   119
       Conjure Flame     |       |     2 ||     2
 Stab: Sleeping          |     1 |       ||     1
Armor: Skin              |    15 |    28 ||    43
Dodge: Dodged            |    27 |    59 ||    86

Table legend: (Time is in decaauts)
 A = Elapsed time spent in this place.
 B = Non-inter-level travel time spent in this place.
 C = Inter-level travel time spent in this place.
 D = Time resting spent in this place.
 E = Time spent auto-exploring this place.
 F = Levels seen in this place.
 G = Mean time per level.
                   A        B        C        D        E       F      G
               +--------+--------+--------+--------+--------+-----+--------+
         Total |   4203 |   4157 |     46 |   1678 |   1820 |   4 | 1050.8 |
       Dungeon |   4203 |   4157 |     46 |   1678 |   1820 |   4 | 1050.8 |
               +--------+--------+--------+--------+--------+-----+--------+

Top non-repeatable levels by time:
     D:2: 1848 daAuts
     D:1: 1506 daAuts
     D:3: 823 daAuts
     D:4: 24 daAuts
